[Event "Irish Championship 2026"]
[Site "Talbot Hotel Stillorgan, Co.Dublin, IE"]
[Date "2026.08.06"]
[Round "6"]
[White "Liu, Murray"]
[Black "Biswal, Saiansh"]
[Result "1/2-1/2"]
[Board "84"]
[TimeControl "40/5400+30:1800+30"]
[WhiteFideId "2517191"]
[BlackFideId "2518155"]
[WhiteElo "1885"]
[BlackElo "1824"]
[WhiteClock "0:31:32"]
[BlackClock "0:23:57"]
[Variant "Standard"]
[EndDate "2026.08.06"]
[EndTime "18:11:10"]

1. d4 d5 2. Bf4 c5 3. e3 Nc6 4. Nf3 Nf6 5. c3 Bg4 6. Be2 e6 7. Nbd2 Bd6 8. Bg3 c4 9. Ne5 Bxe2 10. Qxe2 Bxe5 11. dxe5 Nd7 12. f4 Nc5 13. O-O O-O 14. Qh5 f5 15. Qh3 Qb6 16. Rab1 Rac8 17. Bf2 Nd3 18. e4 Nxf2 19. Rxf2 fxe4 20. Re1 Rce8 21. Qe3 Qxe3 22. Rxe3 Rf7 23. g3 Ref8 24. h4 Nxe5 25. Rg2 Nc6 26. b3 b5 27. b4 a5 28. a3 axb4 29. axb4 Ra7 30. Kh2 Ra2 31. Rf2 d4 32. cxd4 Nxd4 33. Nxe4 Rxf2+ 34. Nxf2 Nc2 35. Rxe6 Nxb4 36. Rb6 Rf5 37. Ne4 Rd5 38. Nc3 Rd2+ 39. Kh3 Rd3 40. Rxb5 Rxc3 41. Rxb4 h6 42. Kg4 Rc1 43. h5 c3 44. Rc4 Kf7 45. Kf5 c2 46. Rc7+ Kf8 47. g4 Ke8 1/2-1/2

[Event "Irish Championship 2026"]
[Site "Talbot Hotel Stillorgan, Co.Dublin, IE"]
[Date "2026.08.06"]
[Round "6"]
[White "Fitzgerald, Martin"]
[Black "Braine, Harry"]
[Result "1-0"]
[Board "85"]
[TimeControl "40/5400+30:1800+30"]
[WhiteFideId "2511177"]
[BlackFideId "2518570"]
[WhiteElo "1891"]
[BlackElo "1948"]
[WhiteClock "0:03:43"]
[BlackClock "0:30:32"]
[Variant "Standard"]
[EndDate "2026.08.06"]
[EndTime "18:24:07"]

1. e4 c5 2. Nf3 e6 3. d4 cxd4 4. Nxd4 Nf6 5. Nc3 Nc6 6. Be2 Bb4 7. O-O Bxc3 8. bxc3 Nxe4 9. Nxc6 bxc6 10. Qd4 d5 11. Qxg7 Qf6 12. Qxf6 Nxf6 13. Bf4 Nd7 14. Rfe1 a5 15. Rab1 Ba6 16. Bxa6 Rxa6 17. Rb7 Kd8 18. Reb1 Ra8 19. Rc7 Rc8 20. Rbb7 Rxc7 21. Bxc7+ Ke7 22. Ra7 Rc8 23. Bg3 f6 24. Rxa5 e5 25. Kf1 Rb8 26. Ke2 Rb1 27. a4 Kd6 28. h4 h5 29. f4 Rg1 30. fxe5+ fxe5 31. Bf2 Rxg2 32. Ra8 Nf6 33. Kf1 Rg4 34. a5 Ra4 35. a6 c5 36. a7 Nd7 37. Bxc5+ Kc7 38. Rh8 Nxc5 39. a8=Q Rxa8 40. Rxa8 Ne4 41. Rh8 Kd6 42. Ke1 Nf6 43. Ke2 Ke6 44. Kd3 Kf5 45. Rf8 Ke6 46. c4 e4+ 47. Kd4 dxc4 48. Kxc4 Ke5 49. Kc3 Nd5+ 50. Kd2 e3+ 51. Ke2 Ke4 52. Re8+ Kd4 53. Rd8 1-0

[Event "Irish Championship 2026"]
[Site "Talbot Hotel Stillorgan, Co.Dublin, IE"]
[Date "2026.08.06"]
[Round "6"]
[White "Doolin, Nemhain"]
[Black "Greenan, Darragh"]
[Result "1/2-1/2"]
[Board "86"]
[TimeControl "40/5400+30:1800+30"]
[WhiteFideId "2517230"]
[BlackFideId "2525607"]
[WhiteElo "1915"]
[BlackElo "1786"]
[WhiteClock "0:08:27"]
[BlackClock "0:24:57"]
[Variant "Standard"]
[EndDate "2026.08.06"]
[EndTime "18:29:14"]

1. e4 e6 2. d4 d5 3. e5 c5 4. c3 Nc6 5. Nf3 Qb6 6. Bd3 Bd7 7. dxc5 Bxc5 8. O-O a5 9. Qe2 Nge7 10. Nbd2 Qc7 11. Nb3 Ba7 12. Nbd4 Nxd4 13. cxd4 Nc6 14. Be3 O-O 15. Ng5 g6 16. Qg4 h5 17. Qh4 Kg7 18. Nf3 f6 19. exf6+ Rxf6 20. Bh6+ Kf7 21. Bg5 Rxf3 22. gxf3 Nxd4 23. Kg2 e5 24. Be7 Qb6 25. Rac1 Qe6 26. Bc5 Bxc5 27. Rxc5 Kg7 28. Re1 Rf8 29. Re3 Qd6 30. Rxa5 Rf4 31. Qg5 Nxf3 32. Qxg6+ Qxg6+ 33. Bxg6 Nh4+ 34. Kf1 Nxg6 35. Rxd5 Bc6 36. Rd6 Kf7 37. a3 Nh4 38. Rxe5 Rc4 39. Ke2 Rc2+ 40. Kd3 Rxf2 41. Rxh5 Nf5 42. Rd8 Kg6 43. Rhh8 Rxb2 44. Kc3 Ra2 45. Kb3 Rf2 46. h4 Rf3+ 47. Kb2 Rh3 48. Rdg8+ Kf6 49. Rg4 Rh2+ 50. Kc3 Rh3+ 51. Kb2 Rh2+ 52. Kc3 Rh3+ 53. Kb2 Ke5 1/2-1/2

[Event "Irish Championship 2026"]
[Site "Talbot Hotel Stillorgan, Co.Dublin, IE"]
[Date "2026.08.07"]
[Round "7"]
[White "Tureshbayev, Anuar"]
[Black "Joe Ryan"]
[Result "1-0"]
[Board "61"]
[TimeControl "40/5400+30:1800+30"]
[WhiteFideId "651081709"]
[WhiteElo "2250"]
[BlackElo "2159"]
[WhiteTitle "FM"]
[WhiteClock "0:21:34"]
[BlackClock "0:02:05"]
[Variant "Standard"]
[EndDate "2026.08.07"]
[EndTime "17:33:24"]

1. e4 d6 2. d4 Nf6 3. Nc3 g6 4. Bg5 Bg7 5. Qd2 h6 6. Bf4 c6 7. a4 g5 8. Be3 Ng4 9. h4 Nxe3 10. Qxe3 Qa5 11. hxg5 hxg5 12. Rxh8+ Bxh8 13. e5 dxe5 14. Qxg5 Bf6 15. Qg8+ Kd7 16. d5 cxd5 17. O-O-O d4 18. Bb5+ Nc6 19. Nd5 Kd6 20. Nxf6 exf6 21. Qf8+ Kc7 22. Qxf7+ Bd7 23. Qxf6 a6 24. Bxc6 Bxc6 25. f4 Re8 26. fxe5 Qxe5 27. Qxe5+ Rxe5 28. Nf3 Bxf3 29. gxf3 Rf5 30. Rd3 Kc6 31. Kd2 Kc5 32. c3 dxc3+ 33. Kxc3 Rf4 34. b3 b5 35. axb5 axb5 36. Kd2 Kb4 37. Ke3 Rh4 38. f4 Rh1 39. f5 Rf1 40. Ke4 Kc5 41. Ke5 Re1 42. Kf6 b4 43. Kg5 Rg1 44. Kf4 Rf1+ 45. Rf3 Rc1 46. f6 Kd6 47. Kg5 Rc3 48. Rf4 Rg3+ 49. Kh4 Rg8 50. f7 Rf8 51. Kg5 Ke5 52. Rf1 Kd4 53. Kg6 Kc3 54. Rf3+ Kc2 55. Kg7 1-0

[Event "Irish Championship 2026"]
[Site "Talbot Hotel Stillorgan, Co.Dublin, IE"]
[Date "2026.08.07"]
[Round "7"]
[White "Venkatesan, Kavin"]
[Black "Collins, Adam"]
[Result "0-1"]
[Board "62"]
[TimeControl "40/5400+30:1800+30"]
[WhiteFideId "2512602"]
[BlackFideId "2512300"]
[WhiteElo "2297"]
[BlackElo "2340"]
[WhiteTitle "FM"]
[BlackTitle "FM"]
[WhiteClock "0:08:59"]
[BlackClock "0:24:22"]
[Variant "Standard"]
[EndDate "2026.08.07"]
[EndTime "18:21:51"]

1. d4 d5 2. c4 e6 3. Nc3 Nf6 4. cxd5 exd5 5. Bg5 c6 6. e3 Be7 7. Bd3 O-O 8. Nge2 Re8 9. O-O a5 10. Qc2 h6 11. Bh4 Na6 12. a3 Nc7 13. f3 c5 14. Bf2 c4 15. Bf5 b5 16. Ng3 Bf8 17. Rfe1 Bxf5 18. Nxf5 b4 19. Ne2 Qd7 20. Nfg3 Qc6 21. Rec1 Nb5 22. a4 Nd6 23. Nf4 Qd7 24. Re1 Qb7 25. Re2 Rac8 26. Rae1 Qc7 27. e4 Ndxe4 28. Nxd5 Nxd5 29. Nxe4 Qc6 30. Nc5 c3 31. Re4 cxb2 32. Qxb2 Nc3 33. Rxe8 Rxe8 34. Ra1 Bxc5 35. dxc5 Qd5 36. Qc2 Re2 37. Qc1 Rd2 38. Qe1 Re2 39. Qc1 Qc4 40. Rb1 Ra2 41. Qf1 Ne2+ 42. Kh1 Rc2 43. Be3 b3 44. Qd1 Nc3 45. Qd8+ Kh7 46. Rg1 b2 47. Qb8 Ne2 48. Qe5 Qe6 0-1

[Event "Irish Championship 2026"]
[Site "Talbot Hotel Stillorgan, Co.Dublin, IE"]
[Date "2026.08.07"]
[Round "7"]
[White "Andrey A. Ivanov"]
[Black "Jacob Flynn"]
[Result "0-1"]
[Board "63"]
[TimeControl "40/5400+30:1800+30"]
[WhiteElo "2085"]
[BlackElo "2289"]
[WhiteClock "0:31:12"]
[BlackClock "0:23:43"]
[Variant "Standard"]
[EndDate "2026.08.07"]
[EndTime "18:06:16"]

1. Nf3 Nf6 2. c4 e6 3. Nc3 d5 4. cxd5 exd5 5. d4 c6 6. Qc2 g6 7. Bg5 Be7 8. e3 Bf5 9. Qb3 Qb6 10. Be2 Nbd7 11. O-O O-O 12. Ne5 Rfe8 13. Bxf6 Nxf6 14. Qxb6 axb6 15. g4 Bc8 16. h3 b5 17. a3 Ne4 18. Rac1 f6 19. Nd3 Nxc3 20. Rxc3 Bd6 21. Kg2 Re7 22. Bf3 Kg7 23. Rcc1 Be6 24. Rh1 Bf7 25. Rc3 Rh8 26. Rcc1 Rf8 27. Rcd1 Be6 28. Be2 Bc8 29. Rc1 f5 30. Rce1 f4 31. Bf3 fxe3 32. Rxe3 Ref7 33. Rhe1 Kh6 34. b4 Kg5 35. Bd1 h5 36. Ne5 Rxf2+ 37. Kg1 R2f4 38. Rg3 hxg4 39. Bxg4 Bxg4 40. hxg4 Re4 41. Rge3 Rxe3 42. Rxe3 Bxe5 43. Rxe5+ Kxg4 44. Re7 Rf4 45. Rxb7 Rxd4 46. Rg7 g5 47. Rg6 Rc4 48. Rd6 Kf3 49. Kh2 Rc2+ 50. Kg1 g4 51. Rf6+ Ke3 52. Rg6 Rc4 53. Kf1 Kd2 54. Re6 Kc3 55. Re3+ Kb2 56. Ke1 Rc3 57. Re2+ Kxa3 58. Kd1 Kxb4 0-1

[Event "Irish Championship 2026"]
[Site "Talbot Hotel Stillorgan, Co.Dublin, IE"]
[Date "2026.08.07"]
[Round "7"]
[White "Jessel, Stephen"]
[Black "Arun, Nitish"]
[Result "1-0"]
[Board "64"]
[TimeControl "40/5400+30:1800+30"]
[WhiteFideId "628859"]
[BlackFideId "2524201"]
[WhiteElo "2364"]
[BlackElo "2175"]
[WhiteTitle "FM"]
[BlackTitle "CM"]
[WhiteClock "0:20:49"]
[BlackClock "0:28:43"]
[Variant "Standard"]
[EndDate "2026.08.07"]
[EndTime "17:55:49"]

1. Nf3 Nf6 2. c4 e6 3. g3 d5 4. Bg2 Be7 5. O-O O-O 6. b3 d4 7. d3 Nc6 8. e3 dxe3 9. Bxe3 e5 10. Nc3 Bg4 11. h3 Bxf3 12. Bxf3 Qd7 13. g4 h6 14. Nd5 Nxd5 15. Bxd5 Nd8 16. Qf3 c6 17. Be4 Bg5 18. Rad1 Qe7 19. d4 Bxe3 20. Qxe3 Qg5 21. Qxg5 hxg5 22. dxe5 Ne6 23. Kh2 Rfe8 24. Rfe1 Re7 25. Kg3 Rae8 26. Bf5 Nf8 27. e6 fxe6 28. Bc2 Kf7 29. Re5 Kf6 30. Re3 g6 31. c5 Rd7 32. Rf3+ Ke7 33. Rxd7+ Nxd7 34. Bxg6 Rf8 35. Rxf8 Nxf8 36. Be4 Nd7 37. b4 Nf6 38. Bg2 e5 39. h4 Nh7 40. Be4 Nf6 41. f3 a5 42. bxa5 Nd7 43. Bxc6 1-0

[Event "Irish Championship 2026"]
[Site "Talbot Hotel Stillorgan, Co.Dublin, IE"]
[Date "2026.08.07"]
[Round "7"]
[White "Melaugh, Shane"]
[Black "Brozynski, Patryk"]
[Result "1/2-1/2"]
[Board "65"]
[TimeControl "40/5400+30:1800+30"]
[WhiteFideId "2509580"]
[BlackFideId "2512700"]
[WhiteElo "2157"]
[BlackElo "2224"]
[WhiteTitle "FM"]
[BlackTitle "CM"]
[WhiteClock "1:10:28"]
[BlackClock "0:01:39"]
[Variant "Standard"]
[EndDate "2026.08.07"]
[EndTime "18:11:05"]

1. e4 e6 2. d4 d5 3. Nd2 h6 4. Ngf3 Nf6 5. e5 Nfd7 6. Bd3 c5 7. c3 Nc6 8. O-O g5 9. Bb5 g4 10. Ne1 cxd4 11. cxd4 Nxd4 12. Bxd7+ Bxd7 13. Qxg4 Nf5 14. Nef3 Qb6 15. Nh4 Bb5 16. Nxf5 exf5 17. Qxf5 Bxf1 18. Nxf1 Qe6 19. Qc2 Bg7 20. Bf4 O-O 21. Ng3 Rac8 22. Qd2 Bxe5 23. Bxh6 Rfe8 24. Be3 Bxg3 25. hxg3 Rc4 26. Rd1 b6 27. Qxd5 Qxd5 28. Rxd5 Rc2 29. Rd2 Rxd2 30. Bxd2 Re2 31. Bc3 f5 32. Kf1 Rc2 33. Ke1 Kf7 34. Bd4 Rc1+ 35. Ke2 Ke6 36. Kf3 Rg1 37. Bc3 Kd5 38. a3 Ke6 39. Bd4 Kd5 40. Bf6 a6 41. Bd8 b5 42. Ba5 Rc1 43. Bc3 Rc2 44. g4 fxg4+ 45. Kg3 Ke4 46. f3+ gxf3 47. gxf3+ Ke3 48. Be5 Rc8 49. Bf4+ Ke2 50. Bg5 Rf8 51. f4 Ke3 52. Kg2 Rc8 53. Kg3 Ke4 54. Bf6 Rc6 55. Be5 Rc2 56. Bf6 a5 57. Bc3 a4 58. Be5 Rd2 59. Bf6 Rd3+ 60. Kg4 Rd1 61. Kg3 Rc1 62. Be5 Rc2 63. Bf6 Rd2 64. Be5 Rd3+ 65. Kg4 Rf3 66. Kg5 Rf2 67. Kf6 Rc2 68. Ke6 Rc6+ 69. Bd6 Rc2 70. f5 Rxb2 71. f6 Rf2 72. f7 Kd3 73. f8=Q Rxf8 74. Bxf8 b4 75. axb4 Kc4 76. Kd7 Kb5 1/2-1/2

[Event "Irish Championship 2026"]
[Site "Talbot Hotel Stillorgan, Co.Dublin, IE"]
[Date "2026.08.07"]
[Round "7"]
[White "Daly, Colm"]
[Black "Barnes, Oliver"]
[Result "0-1"]
[Board "66"]
[TimeControl "40/5400+30:1800+30"]
[WhiteFideId "2500434"]
[BlackFideId "2517604"]
[WhiteElo "2182"]
[BlackElo "2107"]
[WhiteTitle "FM"]
[WhiteClock "0:26:12"]
[BlackClock "0:28:59"]
[Variant "Standard"]
[EndDate "2026.08.07"]
[EndTime "18:05:15"]

1. Nf3 c5 2. e4 e6 3. d4 cxd4 4. Nxd4 a6 5. Nc3 Qc7 6. a3 Nf6 7. Bg5 Be7 8. f4 h6 9. Bxf6 Bxf6 10. e5 Be7 11. Bd3 d6 12. Qe2 Nd7 13. Nf3 dxe5 14. fxe5 Nc5 15. Ne4 Bd7 16. Nxc5 Bxc5 17. b4 Ba7 18. c4 Bc6 19. Be4 Rc8 20. Rc1 O-O 21. h4 Rfd8 22. h5 Rd7 23. Rh4 Rcd8 24. c5 Bb5 25. Qe3 f5 26. Bc2 Bc6 27. Bb3 Bd5 28. Rd4 Kf7 29. Bxd5 Rxd5 30. Rcd1 Qc6 31. Qf4 b6 32. Rxd5 Rxd5 33. g4 Rxd1+ 34. Kxd1 Qd5+ 35. Ke1 Qe4+ 36. Qxe4 fxe4 37. c6 Bb8 38. Nd2 Bxe5 39. Nxe4 Ke7 40. a4 b5 41. a5 Bd6 42. Ke2 Bxb4 43. Kd3 Kd8 44. Kd4 Kc7 45. Ke5 Kxc6 46. Kxe6 Bxa5 47. Kf7 Kd5 48. Ng3 Bc3 49. Nf5 b4 50. g5 hxg5 51. Nxg7 Bxg7 52. Kxg7 b3 53. h6 b2 54. h7 b1=Q 55. h8=Q Qb2+ 0-1

[Event "Irish Championship 2026"]
[Site "Talbot Hotel Stillorgan, Co.Dublin, IE"]
[Date "2026.08.07"]
[Round "7"]
[White "Jason Liu"]
[Black "Landmark, Gabriel"]
[Result "1-0"]
[Board "67"]
[TimeControl "40/5400+30:1800+30"]
[BlackFideId "2524848"]
[WhiteElo "2161"]
[BlackElo "1999"]
[WhiteClock "0:03:49"]
[BlackClock "0:01:54"]
[Variant "Standard"]
[EndDate "2026.08.07"]
[EndTime "19:47:49"]

1. e4 e5 2. Nf3 Nc6 3. Bc4 Nf6 4. d4 exd4 5. e5 d5 6. Bb5 Ne4 7. Nxd4 Bd7 8. Bxc6 bxc6 9. O-O g6 10. f3 Nc5 11. Be3 Ne6 12. f4 c5 13. Nxe6 Bxe6 14. c3 Qd7 15. Nd2 c4 16. b3 cxb3 17. axb3 c5 18. Ra5 d4 19. cxd4 cxd4 20. Ne4 Be7 21. Qxd4 Qxd4 22. Bxd4 O-O 23. Bc5 Bxc5+ 24. Nxc5 Bf5 25. Rd1 Rfc8 26. Rd4 Rcb8 27. Kf2 Rb6 28. Ke3 Kf8 29. Kd2 a6 30. Kc3 Ke7 31. Rda4 Bc8 32. b4 Rc6 33. Kd4 Rb8 34. Kc4 Rbb6 35. Ra1 Be6+ 36. Kc3 Bc8 37. Rd1 h5 38. Rd5 Be6 39. Rd6 Bc8 40. Rxc6 Rxc6 41. Kc4 Rb6 42. g3 Bg4 43. Kc3 Bc8 44. Ne4 Rc6+ 45. Rc5 Rxc5+ 46. Nxc5 Kd8 47. Ne4 Ke7 48. Kd4 Bg4 49. Nc5 Be2 50. Kd5 Bf3+ 51. Kd4 Be2 52. Ne4 Bf3 53. Ng5 Bg2 54. Kc5 Bf1 55. Kd4 Bg2 56. h3 Bf1 57. g4 hxg4 58. hxg4 Be2 59. f5 Bxg4 60. f6+ Ke8 61. Kc5 Be2 62. Kd6 Bc4 63. Kc5 Bd3 64. Kd4 Bc2 65. Ke3 Bb1 66. Kf4 Ba2 67. Ne4 Bd5 68. Nc5 Bc4 69. Kg5 Kd8 70. e6 fxe6 71. Kxg6 e5 72. Kf5 Ke8 73. Kxe5 Kf7 74. Ne4 Bf1 75. Ng5+ Kf8 76. Nf3 Kf7 77. Kf5 Bd3+ 78. Kg5 Ke6 79. Nd4+ Kf7 80. Nc6 Bc2 81. Nd8+ Ke8 82. Nb7 Bb3 83. Kg6 Kf8 84. Kg5 Bc4 85. Nc5 Kf7 86. Ne4 Bd3 87. Nd6+ Kf8 88. Kf4 Bf1 89. Ke5 Bg2 90. Kf5 Bf1 91. Kg5 Bd3 92. Nf5 Kf7 93. Nh6+ Kf8 94. Ng4 Bc4 95. Ne5 Bb3 96. Kf5 Bd5 97. Nd3 Bc4 98. Nc5 Kf7 99. Nb7 Bf1 100. Kg5 Bd3 101. Nd8+ Ke8 102. Nc6 Bb1 103. Ne5 Kf8 104. Nd7+ Ke8 105. Nc5 Ba2 106. Nxa6 Kd7 107. Nc5+ Kd6 108. Ne4+ Ke5 109. Nc3 Bf7 110. b5 Kd6 111. Kh6 1-0

[Event "Irish Championship 2026"]
[Site "Talbot Hotel Stillorgan, Co.Dublin, IE"]
[Date "2026.08.07"]
[Round "7"]
[White "Freeman, Gordon"]
[Black "Oisin O'Cuilleanain"]
[Result "0-1"]
[Board "68"]
[TimeControl "40/5400+30:1800+30"]
[WhiteFideId "2501309"]
[WhiteElo "2068"]
[BlackElo "2128"]
[WhiteTitle "FM"]
[WhiteClock "0:00:39"]
[BlackClock "1:05:46"]
[Variant "Standard"]
[EndDate "2026.08.07"]
[EndTime "16:23:13"]

1. d4 Nf6 2. Nf3 g6 3. Bg5 Bg7 4. Nbd2 O-O 5. c3 d6 6. e4 c5 7. dxc5 dxc5 8. Bc4 Qc7 9. O-O Nc6 10. Qc2 h6 11. Bxf6 Bxf6 12. e5 Bf5 13. Qc1 Nxe5 14. Nxe5 Bxe5 15. Nf3 Bf4 16. Qd1 Rad8 17. Qa4 Bg4 18. Nh4 Kg7 19. g3 Bd7 20. Qc2 Be8 21. Rae1 Bg5 22. f4 Bxh4 23. gxh4 b5 24. Be2 c4 25. f5 Rd6 26. h5 Rf6 27. fxg6 Qc5+ 0-1

[Event "Irish Championship 2026"]
[Site "Talbot Hotel Stillorgan, Co.Dublin, IE"]
[Date "2026.08.07"]
[Round "7"]
[White "Paibir, Atharva"]
[Black "Woods, Yannick"]
[Result "0-1"]
[Board "69"]
[TimeControl "40/5400+30:1800+30"]
[WhiteFideId "2512882"]
[BlackFideId "2518384"]
[WhiteElo "2067"]
[BlackElo "2118"]
[WhiteClock "0:27:03"]
[BlackClock "0:33:03"]
[Variant "Standard"]
[EndDate "2026.08.07"]
[EndTime "17:47:53"]

1. c4 e5 2. Nc3 Bb4 3. Qc2 d6 4. Nf3 Nc6 5. g3 f5 6. d3 Nf6 7. Bg2 O-O 8. O-O Bc5 9. a3 a5 10. e3 Kh8 11. Ne2 Ba7 12. d4 e4 13. Nd2 Ne7 14. b4 c6 15. b5 cxb5 16. cxb5 Be6 17. a4 Rc8 18. Qb1 Bc4 19. Nxc4 Rxc4 20. Bd2 Qc7 21. Rc1 Rc8 22. Bf1 Bb6 23. Nc3 Rb4 24. Qa2 Qd7 25. Ne2 Ra8 26. Bxb4 axb4 27. Nf4 d5 28. a5 g5 29. Ng2 f4 30. Qd2 fxe3 31. Nxe3 Bxa5 32. b6 Nc6 33. Rc5 Qd8 34. Nf5 Bxb6 35. Rxa8 Qxa8 36. Qxg5 Qf8 37. Rb5 Nxd4 38. Nxd4 Bxd4 39. Qd2 Bc5 40. Rxb7 Ng4 41. Qb2+ Kg8 42. Bh3 Bxf2+ 43. Kh1 Qf3+ 44. Bg2 Qd1+ 0-1

[Event "Irish Championship 2026"]
[Site "Talbot Hotel Stillorgan, Co.Dublin, IE"]
[Date "2026.08.07"]
[Round "7"]
[White "Hushpit, Lukian"]
[Black "Bartczak, Korneliusz"]
[Result "0-1"]
[Board "70"]
[TimeControl "40/5400+30:1800+30"]
[WhiteFideId "14189208"]
[BlackFideId "2523558"]
[WhiteElo "2088"]
[BlackElo "2062"]
[WhiteClock "0:08:10"]
[BlackClock "0:01:39"]
[Variant "Standard"]
[EndDate "2026.08.07"]
[EndTime "20:01:34"]

1. e4 c5 2. Nf3 Nc6 3. d4 cxd4 4. Nxd4 e5 5. Nb5 d6 6. N1c3 a6 7. Na3 Be7 8. Nd5 Nf6 9. Nxf6+ Bxf6 10. Be3 Be6 11. Nc4 Be7 12. Nb6 Rb8 13. Be2 O-O 14. O-O Bg5 15. Bxg5 Qxg5 16. c3 Rbd8 17. Bf3 g6 18. Re1 h5 19. a3 Kg7 20. Qc1 Qe7 21. Qe3 Rh8 22. Rad1 Qc7 23. Nd5 Bxd5 24. Rxd5 Ne7 25. Rd3 b5 26. Red1 Rd7 27. Qd2 Nc8 28. Be2 Qd8 29. a4 bxa4 30. Rd5 Qb6 31. c4 Rb7 32. Rb1 Qb4 33. Qxb4 Rxb4 34. Bd3 Nb6 35. Rxd6 Nxc4 36. Bxc4 Rxc4 37. f3 Rc2 38. h3 Rb8 39. Rxa6 Rd8 40. Kh2 Rdd2 41. Rg1 Rd4 42. Ra1 Rdd2 43. Rg1 Rf2 44. Kh1 Rxb2 45. Rxa4 h4 46. Ra5 Kf6 47. Rc5 Rbe2 48. Rb5 g5 49. Rb8 g4 50. hxg4 h3 51. Kh2 Rxf3 52. Rh8 hxg2 53. Rxg2 Rxe4 54. Rg8 Ref4 55. Re2 Rf2+ 56. Rxf2 Rxf2+ 57. Kg3 Rf4 58. Re8 Ra4 59. Kf3 Ra3+ 60. Kf2 Ra2+ 61. Kf3 Ra3+ 62. Kf2 Ra4 63. Kf3 Ra1 64. Kf2 Ra3 65. Kg2 Ra6 66. Kf3 Re6 67. Rg8 Rb6 68. Re8 Rb7 69. Ke3 Re7 70. Rg8 Ke6 71. Ke4 f6 72. Rb8 Rg7 73. Rb6+ Kf7 74. Kf3 Kg6 75. Rb8 Ra7 76. Rg8+ Kf7 77. Rb8 Ra3+ 78. Kf2 Rd3 79. Ra8 Ke6 80. Ra6+ Rd6 81. Ra5 Rd3 82. Ra6+ Kf7 83. Ra8 Rb3 84. Rc8 Ke7 85. Ra8 Rb6 86. Kf3 Ke6 87. Ra5 f5 88. gxf5+ Kxf5 89. Ra3 Rh6 90. Kg3 Rg6+ 91. Kf2 Kf4 92. Ra8 Rb6 93. Ke2 Rb2+ 94. Ke1 e4 95. Ra3 Ke5 96. Ra4 Kd5 97. Kd1 Rh2 98. Ke1 Ke5 99. Kf1 Kf4 100. Ra8 Kf3 101. Rf8+ Ke3 102. Ra8 Rh1+ 103. Kg2 Rd1 104. Re8 Ra1 105. Re7 Rc1 106. Re8 Rc2+ 107. Kf1 Rf2+ 108. Ke1 Rf7 109. Re6 Rb7 110. Kf1 Rb1+ 111. Kg2 Re1 112. Ra6 Rd1 113. Re6 Rd4 114. Kf1 Rb4 115. Re8 Rb1+ 116. Kg2 Re1 117. Re7 Kd2 118. Rd7+ Ke2 119. Ra7 Rd1 120. Re7 e3 121. Re8 Rd7 122. Rg8 Rf7 123. Rg6 Rd7 124. Rg8 Kd2 125. Ra8 e2 126. Ra2+ Ke3 0-1

[Event "Irish Championship 2026"]
[Site "Talbot Hotel Stillorgan, Co.Dublin, IE"]
[Date "2026.08.07"]
[Round "7"]
[White "Harding, Tim D"]
[Black "Murray, Benjamin"]
[Result "1/2-1/2"]
[Board "71"]
[TimeControl "40/5400+30:1800+30"]
[WhiteFideId "2500256"]
[BlackFideId "2512963"]
[WhiteElo "2004"]
[BlackElo "2080"]
[WhiteTitle "CM"]
[WhiteClock "0:55:20"]
[BlackClock "0:13:11"]
[Variant "Standard"]
[EndDate "2026.08.07"]
[EndTime "17:48:59"]

1. Nf3 Nf6 2. c4 g6 3. b3 Bg7 4. Bb2 O-O 5. g3 c5 6. Bg2 d6 7. O-O e5 8. d3 Nc6 9. Nc3 h6 10. Ne1 Be6 11. Nd5 Nh7 12. Nc2 f5 13. f4 Qd7 14. Kh1 Rae8 15. Qd2 Nf6 16. Nce3 Nh5 17. b4 Kh7 18. Rae1 Qd8 19. b5 Nd4 20. Nd1 Bxd5 21. Bxd5 exf4 22. Bxd4 Bxd4 23. gxf4 Qh4 24. Rf3 g5 25. fxg5 hxg5 26. e3 g4 27. Qf2 g3 28. Rxg3 Nxg3+ 29. Qxg3 Qxg3 30. hxg3 b6 31. Kg2 Kg7 32. Kf3 Be5 33. Nf2 Re7 34. Rg1 Rf6 35. Nh3 Rh6 36. Nf2 Kf8 37. Rg2 Rg7 38. e4 fxe4+ 39. Nxe4 Rh1 40. Nf2 Ra1 41. Ng4 Bd4 42. Ne3 Rc1 43. Be4 Rf7+ 44. Nf5 Rf1+ 45. Kg4 Be5 46. Kg5 1/2-1/2

[Event "Irish Championship 2026"]
[Site "Talbot Hotel Stillorgan, Co.Dublin, IE"]
[Date "2026.08.07"]
[Round "7"]
[White "O'Connell, Gerard"]
[Black "Hayes, Peter J."]
[Result "1-0"]
[Board "72"]
[TimeControl "40/5400+30:1800+30"]
[WhiteFideId "2500493"]
[BlackFideId "2502569"]
[WhiteElo "1996"]
[BlackElo "2073"]
[WhiteClock "0:01:54"]
[BlackClock "0:01:49"]
[Variant "Standard"]
[EndDate "2026.08.07"]
[EndTime "17:32:13"]

1. d4 d5 2. c4 c6 3. Nc3 Nf6 4. Nf3 a6 5. cxd5 cxd5 6. g3 Bf5 7. Bg2 e6 8. O-O Nc6 9. Bf4 Bd6 10. Ne5 Rc8 11. h3 h6 12. Re1 O-O 13. a3 Na5 14. g4 Bh7 15. e3 Qb6 16. g5 hxg5 17. Bxg5 Qxb2 18. Bxf6 gxf6 19. Nd7 Qxc3 20. Nxf6+ Kg7 21. Nxh7 Rh8 22. Ng5 Qc2 23. Qg4 f5 24. Nxe6+ Kf6 25. Qf3 Rcg8 26. Nf4 Bxf4 27. Qxf4 Nc4 28. Rac1 Qd3 29. Kh2 Qxa3 30. Bxd5 Nxe3 31. Qxe3 Qd6+ 32. Qe5+ 1-0

[Event "Irish Championship 2026"]
[Site "Talbot Hotel Stillorgan, Co.Dublin, IE"]
[Date "2026.08.07"]
[Round "7"]
[White "Hughes, Padraig"]
[Black "Burke, Kevin A."]
[Result "1-0"]
[Board "73"]
[TimeControl "40/5400+30:1800+30"]
[WhiteFideId "2505690"]
[BlackFideId "2501520"]
[WhiteElo "2022"]
[BlackElo "1896"]
[WhiteClock "1:01:43"]
[BlackClock "0:54:29"]
[Variant "Standard"]
[EndDate "2026.08.07"]
[EndTime "15:29:59"]

1. e4 e6 2. d4 d5 3. Nd2 Nf6 4. e5 Nfd7 5. c3 c5 6. f4 Nc6 7. Ndf3 Be7 8. g3 Qb6 9. Kf2 O-O 10. Kg2 f6 11. Bd3 Rf7 12. Ne2 Nf8 13. h4 Bd7 14. h5 h6 15. Bg6 Nxg6 16. hxg6 Rff8 17. f5 fxe5 18. Rxh6 gxh6 19. Qh1 Rxf5 20. Qxh6 Bd8 21. Qh7+ 1-0

[Event "Irish Championship 2026"]
[Site "Talbot Hotel Stillorgan, Co.Dublin, IE"]
[Date "2026.08.07"]
[Round "7"]
[White "Fitzgerald, Niall"]
[Black "Conor O'reilly"]
[Result "0-1"]
[Board "74"]
[TimeControl "40/5400+30:1800+30"]
[WhiteFideId "2511185"]
[WhiteElo "1894"]
[BlackElo "2019"]
[WhiteClock "0:02:42"]
[BlackClock "0:36:16"]
[Variant "Standard"]
[EndDate "2026.08.07"]
[EndTime "16:52:09"]

1. e4 e5 2. Nf3 Nc6 3. Bb5 a6 4. Ba4 Bc5 5. c3 Nge7 6. O-O Ng6 7. d4 Ba7 8. Bg5 f6 9. Be3 O-O 10. Re1 Kh8 11. Nbd2 exd4 12. cxd4 d5 13. h3 Be6 14. Bxc6 bxc6 15. Qa4 dxe4 16. Nxe4 Bd5 17. Ned2 Qd7 18. Qa3 a5 19. Rac1 Bb6 20. Re2 Rae8 21. Rce1 Rf7 22. Qc3 Rfe7 23. Kf1 f5 24. Bg5 Rxe2 25. Rxe2 Rxe2 26. Kxe2 h6 27. Bh4 Nxh4 28. Nxh4 Qe7+ 0-1

[Event "Irish Championship 2026"]
[Site "Talbot Hotel Stillorgan, Co.Dublin, IE"]
[Date "2026.08.07"]
[Round "7"]
[White "Andhurthi, Sreeyan"]
[Black "Moull, Arthur"]
[Result "0-1"]
[Board "75"]
[TimeControl "40/5400+30:1800+30"]
[WhiteFideId "2523531"]
[BlackFideId "2517426"]
[WhiteElo "1950"]
[BlackElo "1876"]
[WhiteClock "0:23:00"]
[BlackClock "0:56:39"]
[Variant "Standard"]
[EndDate "2026.08.07"]
[EndTime "18:02:12"]

1. e4 c6 2. d4 d5 3. exd5 cxd5 4. Bd3 Nc6 5. c3 Nf6 6. Bf4 Bg4 7. Qb3 Qd7 8. Nd2 e6 9. Ngf3 Bd6 10. Bxd6 Qxd6 11. O-O O-O 12. Rae1 Nd7 13. Qc2 g6 14. h3 Bf5 15. Re3 Rfe8 16. Rfe1 Rac8 17. Bxf5 gxf5 18. Qd3 Qf4 19. Ne5 Ndxe5 20. dxe5 Ne7 21. Rf3 Qh6 22. Nb3 Rc7 23. Nd4 a6 24. Ree3 Ng6 25. Re1 Rec8 26. Kh2 Kh8 27. Qe3 f4 28. Qd2 Rg8 29. Rd3 Qg7 30. Rg1 Nxe5 31. Qxf4 Nxd3 32. Qxc7 Nxf2 33. Qf4 Nd3 34. Qf3 Nc5 35. Kh1 Ne4 36. Re1 Qg5 37. Rxe4 dxe4 38. Qxe4 Qd5 39. Qxd5 exd5 40. Kg1 Re8 41. Kf2 Kg7 42. a3 Kf6 43. Nb3 Ke5 44. Ke3 f5 45. Nd4 f4+ 46. Kf3 h5 47. Ne2 Rf8 48. Nc1 h4 49. Nd3+ Kf5 50. Nb4 Rd8 51. Nd3 Rg8 52. Nc5 Rg7 53. Nb3 Rg3+ 54. Kf2 b6 55. Nd2 Ke5 56. Nf1 Rg6 57. Nd2 b5 58. Nf3+ Ke4 59. Nxh4 Rg8 60. Nf3 a5 61. Ne1 b4 62. axb4 axb4 63. cxb4 Rb8 64. h4 Rxb4 65. Ke2 Rxb2+ 66. Kd1 Rf2 67. h5 Rf1 68. Ke2 Rh1 69. Nf3 Rxh5 70. Nd2+ Kd4 71. Kf3 Kd3 72. Nb3 Rf5 73. Kg4 Rf6 74. Nc5+ Ke3 75. Kg5 f3 76. Kxf6 fxg2 77. Ke5 0-1